 Dungeon Sprint DCSS version 0.20.1-1-g8b1a95d (webtiles) character file.

34780 Kingsmith the Brawler (level 13, -7/136 HPs)
             Began as a Minotaur Fighter on Dec 11, 2017.
             Was the Champion of Makhleb.
             Mangled by a fire dragon (9 damage)
             ... while paralysed by a vampire knight
             ... in the Dungeon (Sprint IX: "|||||||||||||||||||||||||||||").
             The game lasted 00:15:28 (3687 turns).

Kingsmith the Brawler (Minotaur Fighter)            Turns: 3687, Time: 00:15:29

Health: -7/136     AC: 16    Str: 25    XL:     13   Next: 44%
Magic:  20/20      EV:  2    Int:  5    God:    Makhleb [******]
Gold:   1275       SH:  0    Dex: 11    Spells: 12/12 levels left

rFire    . . .     SeeInvis .     - Unarmed
rCold    . . .     Gourm    .   p - +2 shield {reflect}
rNeg     . . .     Faith    .   n - +0 swamp dragon scales
rPois    +         Spirit   .   (helmet restricted)
rElec    .         Reflect  +   (no cloak)
rCorr    .         Harm     .   y - +1 pair of gloves
MR       +....     NoTele   +   o - +0 pair of boots
Stlth    +.........             (no amulet)
Regen    0.4/turn               a - +4 ring of slaying
MPRegen  0.2/turn               A - ring of protection from magic

@: paralysed
A: retaliatory headbutt, horns 2
a: Minor Destruction, Lesser Servant of Makhleb, Major Destruction, Greater
Servant of Makhleb, Renounce Religion


You were in the Dungeon.
You worshipped Makhleb.
Makhleb was exalted by your worship.
You were not hungry.

You visited 1 branch You collected 1475 gold pieces.
You spent 200 gold pieces at shops.

Inventory:

Armour
 n - +0 swamp dragon scales (worn)
 o - a +0 pair of boots (worn)
 p - a +2 shield of reflection (worn)
 y - a +1 pair of gloves (worn)
Jewellery
 a - a +4 ring of slaying (left hand)
 r - a +3 ring of dexterity
 u - a +6 ring of evasion
 z - an uncursed ring of ice
 A - a ring of protection from magic (right hand)
Wands
 m - a wand of acid (7/15)
Scrolls
 j - 2 scrolls of blinking
 k - 5 scrolls of remove curse
 l - 2 scrolls of amnesia
 v - 5 scrolls of identify
 w - 4 scrolls of recharging
Potions
 c - a potion of might
 e - 5 potions of curing
 f - a potion of invisibility
 g - a potion of haste
 h - 4 potions of magic
 i - a potion of heal wounds
 s - a potion of brilliance
 t - 3 potions of berserk rage
 B - 2 potions of resistance
 C - a potion of agility
Comestibles
 d - 13 bread rations
 q - 34 fruits
 x - 12 meat rations


   Skills:
 + Level 18.9 Fighting
 - Level 17.0 Armour
 - Level 11.0 Dodging
 - Level 18.6 Shields
 - Level 20.4 Unarmed Combat
 - Level 10.7 Invocations


You had 12 spell levels left.
You didn't know any spells.

Dungeon Overview and Level Annotations

Branches:
Dungeon (1/1)

Altars:
Cheibriados
Dithmenos
Elyvilon
Fedhas
Gozag
Hepliaklqana
Kikubaaqudgha
Makhleb
Nemelex Xobeh
Okawaru
Qazlal
Ru
Sif Muna
Trog
Uskayaw
Vehumet
Xom
Yredelemnul
Zin
The Shining One
Beogh
Jiyva
Lugonu

Shops:
D ?}=%


Innate Abilities, Weirdness & Mutations

You reflexively headbutt those who attack you in melee.
You have a pair of horns on your head.


Message History

An ogre mage comes into view. It is wielding a club.
Something hits you but does no damage. Something bites you.
Something draws strength from your injuries!
The fire dragon breathes flames at you. The blast of flame hits you!
The blast of flame hits something. x2
You hear a shout!
The ogre mage gestures wildly while chanting.
The ogre mage flickers and vanishes!
The rakshasa weaves an illusion.
Something hits you but does no damage. Something bites you but does no damage.
The fire dragon breathes flames at you.
Helpless, you fail to dodge the blast of flame.
* * * LOW HITPOINT WARNING * * *
The blast of flame hits something. x2
Unholy energy fills the air.
* * * LOW HITPOINT WARNING * * *
The fire dragon bites you but does no damage.
The fire dragon claws you but does no damage.
The fire dragon tramples you!
You die...

▓.▓.▓.▓.▓.▓.▓.▓.▓.
▓.▓.▓.▓.▓.▓.▓.▓.▓.
▓.▓.▓.▓)▓"▓.▓.▓.▓.
▓.▓.▓.▓.▓.▓.▓[▓.▓.
▓.▓.▓.▓.▓.▓.▓)▓.▓:
▓.▓.▓'▓.▓)▓.▓[▓.▓.
▓{▓.▓)▓.▓)▓.▓)▓.▓.
▓{▓.▓(▓.▓)▓.▓.▓.▓.
▓@▓.▓)▓.▓)▓.▓)▓.▓.
▓D▓.▓)▓.▓)▓)▓.▓.▓.
▓D▓.▓)▓.▓)▓.▓.▓.▓=
▓R▓.▓)▓.▓)▓.▓.▓.▓†
▓C▓.▓)▓.▓)▓.▓.▓.▓.
▓C▓.▓(▓.▓.▓.▓.▓.▓.
▓u▓.▓)▓.▓[▓.▓)▓.▓.
▓{▓.▓)▓.▓[▓.▓)▓.▓.
▓.▓.▓.▓[▓.▓)▓.▓.


You could see a brown very ugly thing, a fire giant, a fire dragon, an ice
dragon, a stone giant and a rakshasa.

Vanquished Creatures
  Frances (D)
  Donald (D)
  Kirke (D)
  A stone giant (D)
  Azrael (D)
  Harold (D)
  A naga warrior (D)
  An anaconda (D)
  A centaur warrior (D)
  2 two-headed ogres (D)
  An orc high priest (D)
  A tengu warrior (D)
  2 naga sharpshooters (D)
  A sea snake (D)
  A spriggan druid (D)
  An orc sorcerer (D)
  An ugly thing (D)
  A cyclops (D)
  A manticore (D)
  3 black mambas (D)
  Psyche (D)
  A guardian serpent (D)
  6 spiny frogs (D)
  A komodo dragon (D)
  2 yaktaurs (D)
  A demonic crawler (D)
  5 merfolk (D)
  A wind drake (D)
  3 hornets (D)
  4 jumping spiders (D)
  A blink frog (D)
  3 tyrant leeches (D)
  A slime creature (D)
  A snapping turtle (D)
  A tarantella (D)
  2 hippogriffs (D)
  A spriggan (D)
  A redback (D)
  3 hogs (D)
  A shadow (D)
  A wyvern (D)
  Eustachio (D)
  2 fire elementals (D)
  A yak (D)
  3 vampire mosquitoes (D)
  A naga (D)
  2 hell hounds (D)
  2 water moccasins (D)
  A porcupine (D)
  An ice beast (D)
  4 orc warriors (D)
  A black bear (D)
  A wolf (D)
  2 crocodiles (D)
  5 bullfrogs (D)
  A hound (D)
  2 orc priests (D)
  A jelly (D)
  An iguana (D)
  2 orc wizards (D)
  An ooze (D)
  An adder skeleton (D)
  2 adder zombies (D)
  2 dart slugs (D)
  3 leopard geckos (D)
  4 orcs (D)
  A bat zombie (D)
  A goblin (D)
  A kobold (D)
  A leopard gecko zombie (D)
  A quokka zombie (D)
117 creatures vanquished.

Vanquished Creatures (collateral kills)
  A tentacled monstrosity (D)
  A very ugly thing (D)
  An ettin (D)
  A rakshasa (D)
  3 two-headed ogres (D)
  5 ogre magi (D)
  An ugly thing (D)
  A spiny frog (D)
  2 tyrant leeches (D)
  4 orc warriors (D)
  4 ogres (D)
  A bullfrog (D)
  3 orc priests (D)
  4 orcs (D)
32 creatures vanquished.

Vanquished Creatures (others)
  A merfolk javelineer (D)
  A hydra (D)
  An unseen horror (D)
  A spiny frog (D)
  A swamp drake (D)
5 creatures vanquished.

Grand Total: 154 creatures vanquished

Notes
Turn   | Place    | Note
-------+----------+-------------------------------------------
     0 | D        | Kingsmith the Minotaur Fighter began the quest for the Orb.
     0 | D        | Reached XP level 1. HP: 19/19 MP: 0/0
     6 | D        | Reached skill level 4 in Unarmed Combat
    10 | D        | Reached skill level 5 in Unarmed Combat
    10 | D        | Reached XP level 2. HP: 26/26 MP: 1/1
    20 | D        | Noticed an ice beast
    33 | D        | Reached skill level 7 in Unarmed Combat
    33 | D        | Reached XP level 3. HP: 31/31 MP: 2/2
    36 | D        | Killed an ice beast
    36 | D        | Reached skill level 10 in Unarmed Combat
    36 | D        | Reached XP level 4. HP: 39/39 MP: 3/3
    43 | D        | Found a roughly hewn altar of Beogh.
    43 | D        | Found a snail-covered altar of Cheibriados.
    43 | D        | Found a shadowy altar of Dithmenos.
    43 | D        | Found a white marble altar of Elyvilon.
    43 | D        | Found a blossoming altar of Fedhas.
    43 | D        | Found an opulent altar of Gozag.
    44 | D        | Found a hazy altar of Hepliaklqana.
    45 | D        | Found a viscous altar of Jiyva.
    46 | D        | Found an ancient bone altar of Kikubaaqudgha.
    47 | D        | Found a corrupted altar of Lugonu.
    48 | D        | Found a burning altar of Makhleb.
    49 | D        | Found a sparkling altar of Nemelex Xobeh.
    50 | D        | Found an iron altar of Okawaru.
    51 | D        | Found a stormy altar of Qazlal.
    52 | D        | Found a sacrificial altar of Ru.
    53 | D        | Found a deep blue altar of Sif Muna.
    54 | D        | Found a bloodstained altar of Trog.
    55 | D        | Found a hide-covered altar of Uskayaw.
    56 | D        | Found a radiant altar of Vehumet.
    58 | D        | Found a shimmering altar of Xom.
    75 | D        | Found a basalt altar of Yredelemnul.
    76 | D        | Found a glowing silver altar of Zin.
    77 | D        | Found a glowing golden altar of the Shining One.
    98 | D        | Became a worshipper of Makhleb the Destroyer
   154 | D        | Noticed a hippogriff
   155 | D        | Reached XP level 5. HP: 45/45 MP: 4/4
   161 | D        | Killed a hippogriff
   161 | D        | Reached XP level 6. HP: 46/51 MP: 5/5
   162 | D        | Reached * piety under Makhleb
   171 | D        | Reached ** piety under Makhleb
   189 | D        | Noticed a vampire mosquito
   189 | D        | Noticed a komodo dragon
   189 | D        | Noticed a hippogriff
   191 | D        | Killed a vampire mosquito
   191 | D        | Reached skill level 10 in Armour
   191 | D        | Reached skill level 10 in Shields
   200 | D        | Killed a komodo dragon
   200 | D        | Reached XP level 7. HP: 71/71 MP: 6/6
   204 | D        | Killed a hippogriff
   204 | D        | Reached *** piety under Makhleb
   323 | D        | Noticed a wyvern
   323 | D        | Noticed a spiny frog
   323 | D        | Noticed a yak
   323 | D        | Noticed a spiny frog
   331 | D        | Killed a wyvern
   331 | D        | Reached skill level 1 in Dodging
   331 | D        | Reached skill level 11 in Unarmed Combat
   331 | D        | Reached XP level 8. HP: 64/82 MP: 7/7
   344 | D        | Killed a spiny frog
   344 | D        | Reached **** piety under Makhleb
   353 | D        | Noticed a spiny frog
   359 | D        | Killed a spiny frog
   359 | D        | Reached ***** piety under Makhleb
   359 | D        | Reached skill level 12 in Unarmed Combat
   359 | D        | Reached XP level 9. HP: 52/91 MP: 8/8
   370 | D        | Killed a spiny frog
   505 | D        | Noticed a spiny frog
   512 | D        | Killed a spiny frog
   514 | D        | Noticed a spiny frog
   521 | D        | Reached skill level 5 in Dodging
   538 | D        | Killed a spiny frog
   538 | D        | Reached ****** piety under Makhleb
   538 | D        | Reached skill level 13 in Unarmed Combat
   555 | D        | Noticed a tyrant leech
   555 | D        | Noticed a tyrant leech
   555 | D        | Noticed a spiny frog
   560 | D        | Noticed a tyrant leech
   572 | D        | Killed a tyrant leech
   572 | D        | Reached XP level 10. HP: 102/102 MP: 9/12
   579 | D        | Reached skill level 5 in Invocations
   592 | D        | Killed a spiny frog
   906 | D        | Noticed an orc high priest
   906 | D        | Noticed an orc sorcerer
   917 | D        | Noticed an orange demon
   917 | D        | Noticed an orange demon
   944 | D        | Killed an orc high priest
   944 | D        | Reached skill level 10 in Invocations
   946 | D        | Killed an orc sorcerer
   965 | D        | Reached skill level 15 in Fighting
  1024 | D        | Found Teol's Magic Scroll Emporium.
  1024 | D        | Noticed a two-headed ogre
  1024 | D        | Noticed an ogre mage
  1024 | D        | Noticed an ogre mage
  1034 | D        | Killed a two-headed ogre
  1035 | D        | Noticed an ogre mage
  1035 | D        | Killed an ogre mage
  1036 | D        | Killed an ogre mage
  1038 | D        | Killed an ogre mage
  1038 | D        | Reached XP level 11. HP: 105/117 MP: 18/18
  1047 | D        | Found Xicuuden's Gadget Shoppe.
  1051 | D        | Found Joataf's Jewellery Emporium.
  1054 | D        | Found Xepuhoxa's Food Shoppe.
  1055 | D        | Noticed an ogre mage
  1056 | D        | Noticed a two-headed ogre
  1059 | D        | Noticed a two-headed ogre
  1060 | D        | Noticed a two-headed ogre
  1061 | D        | Killed an ogre mage
  1065 | D        | Killed a two-headed ogre
  1066 | D        | Killed a two-headed ogre
  1071 | D        | Noticed a two-headed ogre
  1077 | D        | Killed a two-headed ogre
  1077 | D        | Reached skill level 15 in Armour
  1085 | D        | Killed a two-headed ogre
  1099 | D        | Bought an uncursed ring of poison resistance for 200 gold pieces
  1125 | D        | Noticed Harold
  1140 | D        | Killed Harold
  1430 | D        | Noticed Eustachio
  1439 | D        | Killed Eustachio
  1619 | D        | Noticed a tengu warrior
  1619 | D        | Noticed a centaur warrior
  1633 | D        | Noticed a stone giant
  1640 | D        | Noticed an ettin
  1652 | D        | Killed a tengu warrior
  1652 | D        | Reached skill level 15 in Shields
  1659 | D        | Killed a centaur warrior
  1660 | D        | Killed an unseen horror
  1662 | D        | Noticed a cyan ugly thing
  1664 | D        | Noticed an ogre mage
  1667 | D        | Noticed a rakshasa
  1670 | D        | Noticed a brown very ugly thing
  1673 | D        | Killed a stone giant
  1689 | D        | Killed an ettin
  1693 | D        | Killed a brown very ugly thing
  1693 | D        | Reached XP level 12. HP: 52/125 MP: 19/19
  1698 | D        | Killed a rakshasa
  1700 | D        | Killed an ogre mage
  2100 | D        | Noticed Donald
  2121 | D        | HP: 5/125 [Donald/scimitar (27)]
  2123 | D        | Killed Donald
  2123 | D        | Reached skill level 14 in Unarmed Combat
  2405 | D        | Noticed Azrael
  2425 | D        | Killed Azrael
  2432 | D        | Noticed Kirke
  2437 | D        | Reached skill level 15 in Unarmed Combat
  2551 | D        | Killed Kirke
  2601 | D        | Noticed Frances
  2611 | D        | Killed Frances
  2611 | D        | Reached skill level 16 in Unarmed Combat
  2890 | D        | Noticed a merfolk javelineer
  2904 | D        | Reached skill level 10 in Dodging
  2918 | D        | Reached skill level 17 in Unarmed Combat
  2926 | D        | Killed a merfolk javelineer
  2944 | D        | Noticed an anaconda
  2949 | D        | Noticed a naga warrior
  2961 | D        | Reached skill level 18 in Unarmed Combat
  2965 | D        | Killed an anaconda
  2965 | D        | Reached XP level 13. HP: 78/132 MP: 20/20
  2974 | D        | Reached skill level 19 in Unarmed Combat
  3137 | D        | Noticed a tentacled monstrosity
  3166 | D        | Killed a tentacled monstrosity
  3166 | D        | Reached skill level 20 in Unarmed Combat
  3614 | D        | Noticed Psyche
  3619 | D        | Killed Psyche
  3668 | D        | Noticed a fire dragon
  3668 | D        | Noticed a vampire knight
  3676 | D        | Noticed a fire giant
  3676 | D        | Paralysed by something for 2 turns
  3677 | D        | Noticed a stone giant
  3682 | D        | Paralysed by something for 7 turns
  3683 | D        | Noticed a brown very ugly thing
  3687 | D        | HP: 2/136 [something/vampiric draining (9)]
  3687 | D        | Mangled by a fire dragon

Skill      XL: |  1  2  3  4  5  6  7  8  9 10 11 12 13 |
---------------+----------------------------------------+-----
Unarmed Combat | 5 7 10 11 12 13 18 20 | 20.4
Armour         | 4 8 10 11 12 17 | 17.0
Shields        | 4 8 10 11 13 17 18 | 18.6
Fighting       | 9 11 12 13 17 18 | 18.9
Dodging        | 1 3 5 11 | 11.0
Invocations    | 4 10 | 10.7

Action                   |  1- 3 |  4- 6 |  7- 9 | 10-12 | 13-15 || total
-------------------------+-------+-------+-------+-------+-------++-------
Melee: Unarmed           |    22 |    26 |   107 |   261 |    69 ||   485
       Headbutt          |     4 |     5 |    21 |    71 |    13 ||   114
Invok: Lesser Servant of |       |       |       |     5 |       ||     5
       Greater Servant o |       |       |       |     4 |     2 ||     6
       Major Destruction |       |       |       |     2 |       ||     2
       Minor Destruction |       |       |       |     1 |       ||     1
  Use: Potion            |     2 |       |       |     5 |       ||     7
  Eat: Chunk             |       |       |       |     6 |       ||     6
       Fruit             |       |       |       |     6 |       ||     6
Armor: Scale mail        |     7 |       |       |       |       ||     7
       Chain mail        |       |     8 |    15 |    14 |       ||    37
       Swamp dragon scal |       |       |       |    32 |    25 ||    57
Dodge: Dodged            |     5 |     6 |    32 |    80 |    22 ||   145
Block: Shield            |     6 |    10 |    43 |   120 |    56 ||   235
       Reflection        |       |       |       |     3 |     3 ||     6
